 Dungeon Crawl Stone Soup version 0.28.0-53-g5a82cb258f (webtiles) character file.

Game seed: 10813586260794005637

3033 MilanorTSW the Covert (level 9, -1/44 HPs)
             Began as a Spriggan Enchanter on June 15, 2022.
             Was an Initiate of Ru.
             Slain by a death yak (24 damage)
             ... on level 8 of the Dungeon on June 16, 2022.
             The game lasted 00:48:00 (13485 turns).

MilanorTSW the Covert (Spriggan Enchanter)         Turns: 13485, Time: 00:48:01

Health: -1/44      AC:  3    Str:  8      XL:     9   Next: 56%
Magic:  16/19      EV: 23    Int: 14 (21) God:    Ru [......]
Gold:   317        SH:  0    Dex: 25      Spells: 9/20 levels left

rFire   . . .      SeeInvis +   a - +1 dagger
rCold   . . .      Faith    .   (no shield)
rNeg    . . .      Spirit   .   o - +1 robe of the Eternal Void {rPois Int+4 Dex+4 Stlth-}
rPois   +          Reflect  .   (helmet restricted)
rElec   .          Harm     .   (no cloak)
rCorr   .          Rampage  .   (gloves unavailable)
Will    +....                   (boots unavailable)
Stlth   ++++......              (no amulet)
HPRegen 0.14/turn               i - +6 ring of dexterity
MPRegen 0.16/turn               (no ring)

@: very quick
A: very small, no large weapons, unfitting armour, see invisible, speed 3
a: Renounce Religion


You were on level 8 of the Dungeon.
You worshipped Ru.
Ru was noncommittal.
You visited 2 branches of the dungeon, and saw 10 of its levels.

You collected 317 gold pieces.

Inventory:

Hand Weapons
 a - a +1 dagger (weapon)
 v - a +0 rapier
 C - a +0 short sword of draining
Missiles
 g - 30 stones
 k - 7 poisoned darts
 m - 6 atropa-tipped darts
 n - 55 bolts
 s - 16 boomerangs
 u - 85 arrows
 D - a silver boomerang
 E - 18 sling bullets
 F - a curare-tipped dart
Armour
 b - a +0 robe
 o - the +1 robe of the Eternal Void (worn) {rPois Int+4 Dex+4 Stlth-}
   (You found it on level 3 of the Dungeon)

   Int:       It affects your intelligence (+4).
   Dex:       It affects your dexterity (+4).
   rPois:     It protects you from poison.
   Stlth:     It makes you less stealthy.
 q - an orb of energy
Jewellery
 i - a +6 ring of dexterity (left hand)
 y - an amulet of faith
Wands
 w - a wand of flame (72)
Scrolls
 r - 3 scrolls of teleportation
 B - a scroll of magic mapping {unknown}
 G - a scroll of identify
Potions
 c - 2 potions of invisibility
 d - a potion of cancellation
 e - 2 potions of flight
 f - 2 potions of curing
 h - 5 potions of heal wounds
 j - 2 potions of might
 l - 3 potions of magic
 p - a potion of degeneration {unknown}
 t - a potion of mutation {unknown}
 x - 2 potions of brilliance
 z - a potion of haste
 A - a potion of ambrosia {unknown}


   Skills:
 + Level 3.5 Fighting
 + Level 4.8 Short Blades
 + Level 6.6 Dodging
 + Level 8.4 Stealth
 + Level 6.0 Spellcasting
 + Level 3.0 Conjurations
 + Level 6.6 Hexes
 + Level 3.4 Ice Magic
 + Level 4.9 Evocations


You had 9 spell levels left.
You knew the following spells:

 Your Spells              Type           Power      Damage    Failure   Level
a - Ensorcelled Hibernat  Hex/Ice        36%        N/A       3%          2
b - Confusing Touch       Hex            22%        N/A       3%          3
c - Dazzling Flash        Conj/Hex       34%        N/A       6%          3
d - Tukima's Dance        Hex            22%        N/A       3%          3

Your spell library contained the following spells:

 Spells                   Type           Power      Damage    Failure   Level
 Corpse Rot               Necr/Air       8%         N/A       24%         2
 Dispel Undead            Necr           4%         3d7       83%         4
 Death Channel            Necr           2%         N/A       100%        6


Dungeon Overview and Level Annotations

Branches:
Dungeon (9/15)             Temple (1/1) D:4
   Lair: D:8-11         Orc: D:9-12

Altars:
Cheibriados
Dithmenos
Elyvilon
Fedhas
Gozag
Hepliaklqana
Kikubaaqudgha
Makhleb
Okawaru
Qazlal
Ru
Uskayaw
Vehumet
Wu Jian
Yredelemnul
Zin
The Shining One
Jiyva

Annotations:
D:4 Duvessa
D:8 3 runed translucent doors, firemarshallily's ghost, novice DsGl


Innate Abilities, Weirdness & Mutations

You are very small and have problems with some larger weapons.
You are too small for most types of armour.
You have supernaturally acute eyesight. (SInv)
You cover ground extremely quickly. (Speed+++)


Message History

You hit the death yak but do no damage. The death yak misses you.
You hit the death yak but do no damage. The death yak closely misses you.
You hit the death yak but do no damage. You hit the death yak but do no damage.
The death yak misses you.
You hit the death yak but do no damage. The death yak gores you!!
Ouch! That really hurt!
* * * LOW HITPOINT WARNING * * *
Your hands stop glowing.
There is a stone staircase leading up here.
You climb upwards.
There is a stone staircase leading down here.
You start resting.
Magic restored.
You start resting.
HP restored.
You climb downwards.
Level annotation: 3 runed translucent doors, firemarshallily's ghost, novice DsGl
There is a stone staircase leading up here.
The death yak bellows!
Casting: Confusing Touch (dangerous; 3% risk of failure)
Confirm with . or Enter, or press ? or * to list all spells.
Your hands begin to glow red.
The death yak gores you!!
Ouch! That really hurt!
You hit the death yak but do no damage.
The death yak appears confused.
You catch the helpless death yak completely off-guard!
You impale the death yak!!
The death yak is moderately wounded.
The death yak misses you.
You hit the death yak but do no damage.
The death yak is moderately wounded.
The death yak misses you.
You strike the helpless death yak from behind!
You impale the death yak!!
The death yak is severely wounded.
The death yak gores the two-headed ogre!!
You hit the death yak but do no damage.
The death yak is severely wounded.
The death yak gores you!!
Ouch! That really hurt!
You die...

#.# #.......####### #.#
#...#...# # #######.#
#.......# # #.......#
#.......# # #.##....#
#..###..# #### #.##....###.O#
#..# #... #.##.....##..###..#
#.## #.###...###.......# #.##
#.####.#@YO.......# #.#>
#......#.########## #.#.
######.#.# #... #.#.# ######.
####.#.## #####...##..
###.......####..#.JJ..###
######.........#.....+.....$##
#........##..........+....(_#.
#.####...###<.)##.#..+J.....##


You could see a death yak (confused) and a two-headed ogre.

Vanquished Creatures
  Sigmund (D:3)
  Eustachio (D:5)
  Edmund (D:4)
  3 orc warriors
  3 sky beasts
  A black bear (D:6)
  A centaur (D:8)
  2 kobold brigands
  2 bullfrogs
  A wyvern zombie (D:8)
  3 scorpions
  A wyvern skeleton (D:7)
  A water moccasin skeleton (D:6)
  4 howler monkeys
  2 centaur zombies
  A centaur skeleton (D:7)
  3 hounds
  3 orc priests
  A gnoll shaman (D:4)
  3 jellies
  3 iguanas
  15 orc wizards
  Crazy Yiuf (D:3)
  A killer bee zombie (D:6)
  A howler monkey zombie (D:6)
  Robin (D:3)
  An adder (D:3)
  8 gnolls
  2 ufetubi
  A worm (D:2)
  2 dart slugs
  35 orcs
  2 ball pythons (D:2)
  5 endoplasms
  2 giant cockroaches
  14 goblins
  11 hobgoblins
  12 kobolds
  A quokka (D:3)
  3 bats
  2 frilled lizards (D:2)
  2 rats
163 creatures vanquished.

Vanquished Creatures (collateral kills)
  2 goblins (D:7)
2 creatures vanquished.

Grand Total: 165 creatures vanquished

Notes
Turn   | Place    | Note
-------+----------+-------------------------------------------
     0 | D:1      | MilanorTSW the Spriggan Enchanter began the quest for the
                  | Orb.
     0 | D:1      | Reached XP level 1. HP: 9/9 MP: 5/5
   455 | D:1      | Found a faded altar of an unknown god.
  1782 | D:1      | Reached XP level 2. HP: 13/13 MP: 6/6
  1929 | D:2      | Learned a level 2 spell: Ensorcelled Hibernation
  1997 | D:2      | Found a hide-covered altar of Uskayaw.
  3051 | D:2      | Reached XP level 3. HP: 17/17 MP: 0/8
  3289 | D:3      | Identified the +1 robe of the Eternal Void {rPois Int+4
                  | Dex+4 Stlth-}
  3305 | D:3      | Learned a level 3 spell: Confusing Touch
  3309 | D:3      | Learned a level 3 spell: Dazzling Flash
  3326 | D:3      | Noticed Sigmund
  3350 | D:3      | Killed Sigmund
  3351 | D:3      | Reached skill level 1 in Fighting
  3351 | D:3      | Reached skill level 5 in Stealth
  3351 | D:3      | Reached skill level 1 in Ice Magic
  3351 | D:3      | Reached XP level 4. HP: 11/22 MP: 2/10
  3351 | D:3      | Reached XP level 5. HP: 12/25 MP: 2/11
  3511 | D:3      | Learned a level 3 spell: Tukima's Dance
  3683 | D:3      | Reached skill level 1 in Conjurations
  3683 | D:3      | Reached XP level 6. HP: 30/30 MP: 1/12
  3866 | D:3      | Noticed Robin
  4264 | D:3      | Killed Robin
  4838 | D:3      | Found a runed translucent door.
  4839 | D:3      | Noticed Crazy Yiuf
  4845 | D:3      | Killed Crazy Yiuf
  4913 | D:4      | Reached skill level 1 in Evocations
  5074 | D:4      | Found a staircase to the Ecumenical Temple.
  5083 | Temple   | Entered the Ecumenical Temple
  5319 | D:4      | Found a glowing silver altar of Zin.
  5484 | D:4      | Noticed Duvessa
  5494 | D:4      | Noticed Edmund
  5518 | D:4      | Killed Edmund
  5519 | D:4      | Reached skill level 6 in Stealth
  5519 | D:4      | Reached XP level 7. HP: 6/34 MP: 8/14
  6039 | D:4      | Reached skill level 5 in Hexes
  6137 | D:5      | Entered Level 5 of the Dungeon
  7194 | D:4      | Reached skill level 5 in Dodging
  7302 | D:4      | Reached XP level 8. HP: 39/39 MP: 12/15
  8017 | D:5      | Noticed Eustachio
  8025 | D:5      | Killed Eustachio
  8026 | D:5      | Reached skill level 7 in Stealth
  8082 | D:5      | Found an opulent altar of Gozag.
  8117 | D:5      | Found a blossoming altar of Fedhas.
  8353 | D:6      | Found an ornate altar of the Wu Jian Council.
  8569 | D:6      | Found a glowing golden altar of the Shining One.
  8616 | D:6      | Reached skill level 5 in Spellcasting
  9684 | D:6      | Reached XP level 9. HP: 34/44 MP: 14/18
  9994 | D:7      | Found a white marble altar of Elyvilon.
 10129 | D:7      | Found a stormy altar of Qazlal.
 10171 | D:7      | Found an iron altar of Okawaru.
 10481 | D:6      | Reached skill level 8 in Stealth
 10854 | D:8      | Found a runed translucent gate.
 10855 | D:8      | Found a runed translucent gate.
 10857 | D:8      | Found a runed translucent gate.
 10858 | D:8      | Noticed firemarshallily's ghost (novice DsGl)
 10861 | D:8      | Found a viscous altar of Jiyva.
 12666 | D:9      | Noticed a two-headed ogre
 12669 | D:9      | Noticed a two-headed ogre
 12837 | Temple   | Became a worshipper of Ru the Awakened
 12958 | D:9      | Noticed a death yak
 12958 | D:9      | Noticed a death yak
 12965 | D:9      | Noticed a death yak
 13485 | D:8      | Slain by a death yak

Illustrated notes

Levels and vault maps discovered:
D:1:      dpeg_arrival_pits, layout_basic,
          chequers_ecumenical_altar_simple_redux, kennysheep_nondescript
D:2:      layout_loops_cross, basic_altar
D:3:      layout_basic, hangedman_decor_push, uniq_sigmund, uniq_robin,
          uniq_crazy_yiuf_cottage
D:4:      layout_cave_pools, mainiacjoe_overflow_catwalk,
          minmay_temple_entry_junction, uniq_edmund, uniq_duvessa
D:5:      layout_basic, chequers_temple_overflow_statue_of_worship,
          uniq_eustachio
D:6:      layout_rooms, nicolae_overflow_crystal_walls,
          mainiacjoe_overflow_alcove_2
D:7:      layout_cave_pools, kennysheep_okawaru_gauntlet, elyvilon_altar_5,
          grunt_qazlal_sundering, nrook_mini_vaults, minmay_misc_feat_columns
D:8:      layout_loops_cross, gammafunk_ghost_ooze
D:9:      layout_roguey, amcnicky_altar_gilded, led_sif_pool,
          dpeg_lair_monsters, hangedman_decor_riveting
Temple:   dpeg_three_leaves_temple

Skill      XL: |  1  2  3  4  5  6  7  8  9 |
---------------+----------------------------+-----
Dodging        | 3 4 5 6 |  6.6
Spellcasting   | 3 4 5 6 |  6.0
Fighting       | 1 2 3 |  3.5
Short Blades   | 2 3 4 |  4.8
Stealth        | 5 6 7 8 |  8.4
Hexes          | 4 5 6 |  6.6
Ice Magic      | 1 2 3 |  3.4
Conjurations   | 1 2 3 |  3.0
Evocations     | 1 2 4 |  4.9

Action                   |  1- 3 |  4- 6 |  7- 9 || total
-------------------------+-------+-------+-------++-------
Melee: Dagger            |    91 |    56 |   198 ||   345
       Punch             |     1 |       |       ||     1
Throw: Stone             |       |       |    10 ||    10
 Cast: Ensorcelled Hiber |    22 |    44 |   171 ||   237
       Confusing Touch   |     1 |     4 |    20 ||    25
       Tukima's Dance    |       |       |     3 ||     3
Evoke: Wand              |       |       |     2 ||     2
  Use: Scroll            |     2 |     3 |     7 ||    12
 Stab: Sleeping          |    17 |    28 |    84 ||   129
       Distracted        |     2 |       |     1 ||     3
       Confused          |     1 |     1 |    14 ||    16
Armor: Robe              |    11 |     3 |    23 ||    37
Dodge: Dodged            |    53 |    43 |   301 ||   397
